Construct Section Command Post
Selects Air and Sea Battlegroup
Construct Field Infirmary
Selects Commando Section Paradrop
Selects Commando Support Section Paradrop
Commando Section Paradrop
Commando Section Paradrop
Construct Platoon Command Post
Construct Company Command Post
Commando Support Section Paradrop
Unlock M3 Grant Medium Tanks
Selects Anti-tank Rocket Loiter
Selects Centaur Medium Tank
Commando Section Paradrop